 Dungeon Crawl Stone Soup version 0.25.0-15-gac7dcb8919 (webtiles) character file.

Game seed: 16699632726181250966

9899 Dirian the Carver (level 11, -9/94 HPs)
             Began as a Minotaur Monk on June 29, 2020.
             Was a Priest of the Shining One.
             Mangled by an orc warlord
             ... wielding a +0 dire flail
              (23 damage)
             ... in a bailey.
             The game lasted 00:25:05 (12792 turns).

Dirian the Carver (Minotaur Monk)                  Turns: 12792, Time: 00:25:05

Health: -9/94      AC: 15    Str: 18    XL:     11   Next: 29%
Magic:  14/16      EV:  9    Int:  7    God:    the Shining One [***...]
Gold:   646        SH:  9    Dex: 14    Spells: 10/10 levels left

rFire    . . .     SeeInvis .   f - +4 scimitar
rCold    . . .     Gourm    .   (no shield)
rNeg     + . .     Faith    .   u - +0 chain mail
rPois    +         Spirit   .   (helmet restricted)
rElec    .         Reflect  .   (no cloak)
rCorr    .         Harm     .   p - +1 pair of gloves
MR       .....                  F - +0 pair of boots
Stlth    +.........             H - amulet of the Sky {rPois Regen+ Stlth+}
HPRegen  0.65/turn              o - ring of stealth
MPRegen  0.15/turn              C - ring of stealth

@: mighty, divine shield, hasted, glowing, studying Long Blades, very quick
A: retaliatory headbutt, horns 2
a: Divine Shield, Renounce Religion


You were in a bailey.
You worshipped the Shining One.
The Shining One was most pleased with you.
You were hungry.

You visited 2 branches of the dungeon, and saw 11 of its levels.
You also visited: Bailey.

You collected 646 gold pieces.

Inventory:

Hand Weapons
 f - a +4 scimitar (weapon)
 D - a +2 long sword
Armour
 p - a +1 pair of gloves (worn)
 u - a +0 chain mail (worn)
 F - a +0 pair of boots (worn)
Jewellery
 c - an uncursed amulet of reflection
 o - a ring of stealth (left hand)
 r - a cursed ring of teleportation {unknown}
 C - a ring of stealth (right hand)
 G - an uncursed ring of ice
 H - the amulet of the Sky (around neck) {rPois Regen+ Stlth+}
   (You found it on level 9 of the Dungeon)

   [amulet of regeneration]

   It protects you from poison.
   It increases your rate of regeneration.
   It makes you more stealthy.
Wands
 v - a wand of digging (5)
 A - a wand of paralysis (19)
 B - a wand of iceblast (11)
Scrolls
 b - a scroll of immolation
 i - a scroll of fear
 l - a scroll of enchant armour
 s - 3 scrolls of enchant weapon
 t - 14 scrolls of teleportation
 x - 6 scrolls of remove curse
 z - a scroll of blinking
Potions
 d - a potion of might
 g - a potion of flight
 h - 4 potions of haste
 j - a potion of ambrosia
 k - a potion of degeneration {unknown}
 n - a potion of resistance
 q - 6 potions of curing
 w - a potion of heal wounds
Books
 a - a manual of Long Blades
Miscellaneous
 y - a phantom mirror
 E - a phial of floods
Comestibles
 e - 12 rations
 m - 9 chunks of flesh


   Skills:
 - Level 7.8 Fighting
 - Level 14.3 Long Blades
 - Level 10.7 Armour
 - Level 3.2 Dodging
 - Level 1.5 Stealth
 * Level 8.2 Invocations


You had 10 spell levels left.
You didn't know any spells.
Your spell library contained the following spells:

 Spells                   Type           Power        Failure   Level  Hunger
 Foxfire                  Conj/Fire      #...         98%         1    ##.....
 Confusing Touch          Hex            #.......     100%        3    ####...
 Conjure Flame            Conj/Fire      #.......     100%        3    ####...
 Gell's Gravitas          Tloc           #.........   100%        3    ####...
 Inner Flame              Hex/Fire       #.......     100%        3    ####...
 Cause Fear               Hex            #.........   100%        4    #####..
 Petrify                  Tmut/Erth      #.......     100%        4    #####..
 Sticky Flame             Conj/Fire      #.......     100%        4    #####..
 Fireball                 Conj/Fire      #.........   100%        5    ######.
 Metabolic Englaciation   Hex/Ice        #.........   100%        5    ######.
 Silence                  Hex/Air        #.........   100%        5    ######.
 Yara's Violent Unravell  Hex/Tmut       #.........   100%        5    ######.
 Discord                  Hex            #.........   100%        8    #######


Dungeon Overview and Level Annotations

Branches:
Dungeon (10/15)            Temple (1/1) D:6            Lair (0/6) D:9
 Bailey (1/1)
    Orc: D:9-12

Altars:
Ashenzari
Cheibriados
Dithmenos
Elyvilon
Fedhas
Gozag
Hepliaklqana
Kikubaaqudgha
Makhleb
Nemelex Xobeh
Okawaru
Qazlal
Ru
Sif Muna
Trog
Uskayaw
Vehumet
Wu Jian
Xom
Yredelemnul
Zin
The Shining One
Beogh

Annotations:
D:4 3 runed translucent doors, SamuraiZach's ghost, amateur TrBe


Innate Abilities, Weirdness & Mutations

You reflexively headbutt those who attack you in melee.
You have a pair of horns on your head.


Message History

You kill the orc warrior!
You slice the orc warrior!!
You kill the orc warrior!
You slash the orc warlord! Your headbutt misses the orc warlord.
The orc warlord is lightly wounded.
The orc warlord hits you with a +0 dire flail!!
* * * LOW HITPOINT WARNING * * *
You hit the goblin. Your headbutt misses the goblin.
The goblin is heavily wounded.
You slice the goblin!!
You kill the goblin!
You feel much better.
The orc warlord hits you with a +0 dire flail!!
* * * LOW HITPOINT WARNING * * *
You hit the orc.
The orc is almost dead.
You hit the orc.
You kill the orc!
The orc warlord hits you with a +0 dire flail!!
You die...

##........ #.........
#......... #.....⌠...
#......... #.........
♣♣♣ ###....o...
♣♣♣.♣♣♣♣♣ ###.#)#.....#
♣.....♣@♣###...g.###.###
♣♣♣....o)##.........###
♣.......o#....o......#
♣♣.......'...........#
♣...∩.∩..'.....⌠.....#
♣........'...........#
♣........#...........#
♣♣.......##.........##
♣.....♣♣♣###.....###


You could see an orc warlord and an orc warrior (strong).

Vanquished Creatures
  Harold (D:8)
  3 death yaks (D:9)
  An unseen horror (D:7)
  A troll (D:9)
  2 hornets (D:9)
  2 hippogriffs
  Grum (D:8)
  Menkaure (D:6)
  A soldier ant (D:9)
  2 water moccasins
  2 porcupines
  9 orc warriors (Bailey)
  4 ice beasts
  A necrophage (D:6)
  A phantom (D:7)
  5 ogres
  2 wolves (D:8)
  A centaur (D:10)
  A big kobold (D:10)
  6 bullfrogs
  A gnoll sergeant (D:5)
  A wyvern skeleton (D:6)
  3 scorpions
  10 killer bees
  8 wights
  3 crimson imps
  2 bullfrog zombies
  A centaur zombie (D:5)
  4 orc priests
  4 hounds
  2 jellies (D:7)
  2 bullfrog skeletons
  A centaur skeleton (D:7)
  Terence (D:2)
  An iguana (D:9)
  Natasha (thrice) (D:2)
  7 orc wizards
  7 worker ants
  Robin (D:2)
  A worker ant zombie (D:8)
  24 gnolls
  2 howler monkey skeletons
  7 adders
  2 river rats
  A shadow imp (D:10)
  An ooze (D:2)
  An adder skeleton (D:8)
  4 dart slugs
  A leopard gecko (D:9)
  38 orcs
  A ball python (D:3)
  6 bats
  6 giant cockroaches
  20 goblins
  18 hobgoblins
  7 jackals
  13 kobolds
  9 quokkas
  4 frilled lizards
  A jackal skeleton (D:5)
  A leopard gecko skeleton (D:5)
  A leopard gecko zombie (D:6)
  8 rats
286 creatures vanquished.

Notes
Turn   | Place    | Note
-------+----------+-------------------------------------------
     0 | D:1      | Dirian the Minotaur Monk began the quest for the Orb.
     0 | D:1      | Reached XP level 1. HP: 19/19 MP: 0/0
    62 | D:1      | Reached skill level 4 in Long Blades
    69 | D:1      | Reached XP level 2. HP: 25/27 MP: 1/1
   547 | D:1      | Reached skill level 1 in Armour
   663 | D:2      | Found a shimmering blue altar of Sif Muna.
   727 | D:2      | Reached XP level 3. HP: 26/33 MP: 2/2
   774 | D:2      | Reached skill level 5 in Long Blades
   785 | D:2      | Noticed Robin
   806 | D:2      | Killed Robin
   876 | D:2      | Reached XP level 4. HP: 40/40 MP: 3/3
   929 | D:2      | Noticed a bullfrog
  1114 | D:2      | Killed a bullfrog
  1114 | D:2      | Reached skill level 6 in Long Blades
  1114 | D:2      | Reached XP level 5. HP: 37/46 MP: 4/4
  1447 | D:2      | Noticed Terence
  1458 | D:2      | Killed Terence
  1583 | D:2      | Noticed Natasha
  1591 | D:2      | Killed Natasha
  1591 | D:2      | Reached skill level 7 in Long Blades
  1607 | D:2      | Noticed Natasha
  1615 | D:2      | Killed Natasha
  1615 | D:2      | Reached XP level 6. HP: 19/53 MP: 5/5
  2174 | D:2      | Noticed Natasha
  2182 | D:2      | Killed Natasha
  2928 | D:3      | Reached skill level 8 in Long Blades
  3361 | D:3      | Found a shattered altar of Ashenzari.
  3410 | D:3      | Found a bloodstained altar of Trog.
  3657 | D:4      | Reached XP level 7. HP: 60/60 MP: 6/6
  3683 | D:4      | Reached skill level 5 in Fighting
  4024 | D:4      | Reached skill level 9 in Long Blades
  4252 | D:4      | HP: 2/61 [ogre/+0 giant club (20)]
  5293 | D:4      | Found a runed translucent gate.
  5294 | D:4      | Found a runed translucent gate.
  5294 | D:4      | Noticed SamuraiZach's ghost (amateur TrBe)
  5295 | D:4      | Found a runed translucent gate.
  5301 | D:4      | Found a roughly hewn altar of Beogh.
  5388 | D:5      | Entered Level 5 of the Dungeon
  5500 | D:5      | Reached XP level 8. HP: 60/68 MP: 7/7
  5700 | D:5      | Reached skill level 5 in Armour
  5988 | D:5      | Reached skill level 10 in Long Blades
  6921 | D:6      | Found a staircase to the Ecumenical Temple.
  6959 | Temple   | Entered the Ecumenical Temple
  7137 | Temple   | Became a worshipper of the Shining One
  7137 | Temple   | Reached * piety under the Shining One
  7137 | Temple   | Reached ** piety under the Shining One
  7355 | D:6      | Noticed Menkaure
  7363 | D:6      | Killed Menkaure
  7480 | D:6      | Reached skill level 11 in Long Blades
  7786 | D:7      | Found a glowing silver altar of Zin.
  7844 | D:7      | Reached XP level 9. HP: 69/74 MP: 8/8
  7958 | D:7      | Reached skill level 1 in Invocations
  8090 | D:7      | Found a basalt altar of Yredelemnul.
  8116 | D:7      | Noticed an unseen horror
  8151 | D:7      | Killed an unseen horror
  8227 | D:7      | Reached skill level 12 in Long Blades
  9044 | D:7      | Found a white marble altar of Elyvilon.
  9318 | D:8      | Noticed Grum
  9346 | D:8      | Killed Grum
  9628 | D:8      | Reached *** piety under the Shining One
  9665 | D:8      | Found a shimmering altar of Xom.
  9671 | D:8      | Found a radiant altar of Vehumet.
  9682 | D:8      | Reached XP level 10. HP: 72/86 MP: 11/11
  9687 | D:8      | Found a sacrificial altar of Ru.
  9689 | D:8      | Found a blossoming altar of Fedhas.
  9823 | D:8      | Found an ornate altar of the Wu Jian Council.
  9823 | D:8      | Found a sparkling altar of Nemelex Xobeh.
  9844 | D:8      | Noticed Harold
  9861 | D:8      | Killed Harold
  9861 | D:8      | Reached skill level 13 in Long Blades
 10393 | D:9      | Noticed a death yak
 10396 | D:9      | Noticed a death yak
 10396 | D:9      | Noticed a death yak
 10408 | D:9      | Reached skill level 10 in Armour
 10941 | D:9      | Found a staircase to the Lair.
 10969 | D:9      | Killed a death yak
 10969 | D:9      | Reached skill level 14 in Long Blades
 10979 | D:9      | Killed a death yak
 10979 | D:9      | Reached skill level 5 in Invocations
 10996 | D:9      | Killed a death yak
 10996 | D:9      | Reached XP level 11. HP: 23/94 MP: 11/14
 11334 | D:9      | Found an opulent altar of Gozag.
 11403 | D:9      | Paralysed by a hornet for 3 turns
 11930 | D:9      | Got a steaming crystal amulet
 12084 | D:9      | Identified the amulet of the Sky {rPois Regen+ Stlth+} (You
                  | found it on level 9 of the Dungeon)
 12196 | D:10     | Entered Level 10 of the Dungeon
 12485 | D:10     | Found a flagged portal.
 12501 | Bailey   | Entered a bailey
 12730 | Bailey   | Noticed an orc warlord
 12792 | Bailey   | Mangled by an orc warlord

Illustrated notes

Levels and vault maps discovered:
D:1:      lemuel_arrival_cross, layout_basic, minmay_hexomino_p4
D:2:      layout_basic, overflow_temple_1_default, serial_rivers,
          chequers_serial_rivers_micro_e, chequers_serial_rivers_room_a,
          chequers_serial_rivers_small_b, chequers_serial_rivers_small_3,
          minmay_between, uniq_natasha, uniq_terence, uniq_robin
D:3:      layout_loops_ring, marbit_many_paths, lemuel_coloured_pillars_altar
D:4:      layout_basic, biasface_ghost_orc_armoury,
          chequers_serial_rivers_micro_d
D:5:      layout_gridville, first_ration, st_stairs_6, minmay_misc_feat_chi,
          small_statue_intersection
D:6:      layout_gridville, minmay_temple_entry_glass, uniq_menkaure
D:7:      layout_cave_pods, lemuel_crystal_altar, yredelemnul_altar_generic,
          elyvilon_altar_5
D:8:      layout_basic, grunt_temple_overflow_open, serial_glass,
          glass_columns_a, glass_columns_a, uniq_grum, uniq_harold
D:9:      layout_gridville, kennysheep_mini, dpeg_lair_monsters,
          hangedman_pestilent_swarm, minmay_misc_feat_nine_boxes
D:10:     layout_roguey, david_orc_4, enter_bailey_2
Temple:   grunt_temple_mini_profane
Bailey:   bailey_axe_minmay_hex_keep, bailey

Skill      XL: |  1  2  3  4  5  6  7  8  9 10 11 |
---------------+----------------------------------+-----
Long Blades    | 4 5 6 7 8 9 11 12 14 | 14.3
Armour         | 1 2 4 7 9 10 | 10.7
Fighting       | 4 5 6 7 |  7.8
Invocations    | 2 6 8 |  8.2
Dodging        | |  3.2
Stealth        | |  1.5

Action                   |  1- 3 |  4- 6 |  7- 9 | 10-12 || total
-------------------------+-------+-------+-------+-------++-------
Melee: Falchion          |    77 |   178 |   304 |       ||   559
       Headbutt          |    10 |    44 |    79 |    56 ||   189
       Long sword        |       |       |    28 |       ||    28
       Scimitar          |       |       |    24 |   268 ||   292
Invok: Divine Shield     |       |       |     1 |     4 ||     5
  Use: Scroll            |       |     9 |     8 |     4 ||    21
       Potion            |       |       |     1 |     5 ||     6
 Stab: Sleeping          |     1 |    15 |     1 |       ||    17
       Distracted        |       |     1 |       |       ||     1
  Eat: Chunk             |       |     9 |    12 |     3 ||    24
       Ration            |       |       |     2 |     2 ||     4
Armor: Robe              |    11 |    12 |       |       ||    23
       Leather armour    |       |     8 |       |       ||     8
       Scale mail        |       |     2 |    24 |       ||    26
       Chain mail        |       |       |    87 |    91 ||   178
Dodge: Dodged            |    37 |    81 |   140 |    74 ||   332
Block: Other             |       |       |    20 |    59 ||    79
       Reflection        |       |       |       |     9 ||     9
       Rpst.: Falchion   |     8 |    20 |    32 |       ||    60
       Long sword        |       |       |     3 |       ||     3
       Scimitar          |       |       |     1 |    15 ||    16
